 Dungeon Sprint DCSS version 0.30-a0-989-g0d87f670db (webtiles) character file.

Game seed: 11380884447235709433

315 PLAYERX the Skirmisher (level 6, -1/43 HPs)
             Began as a Kobold Hunter on Apr 2, 2023.
             Was a Follower of Hepliaklqana.
             Slain by a hellwing (4 damage)
             ... in the Dungeon (Sprint VII: "The Pits").
             The game lasted 00:09:30 (528 turns).

PLAYERX the Skirmisher (Kobold Hunter)               Turns: 528, Time: 00:09:30

Health: -1/43      AC:  9    Str:  9    XL:     6   Next: 72%
Magic:  6/6        EV: 11    Int: 10    God:    Hepliaklqana [*.....]
Gold:   0          SH:  0    Dex: 20    Spells: 5/5 levels left

rFire   . . .      SeeInvis .    a - +0 shortbow
rCold   . . .      Faith    .    (shield currently unavailable)
rNeg    . . .      Spirit   .    b - +3 scale mail
rPois   .          Reflect  .    (no helmet)
rElec   .          Rampage  .    (no cloak)
rCorr   .          NoTele   +    (no gloves)
Will    .....                    (no boots)
Stlth   ++                       (no amulet)
HPRegen 0.27/turn                (no ring)
MPRegen 0.10/turn                (no ring)

@: no status effects
A: reduced essence, small, no large weapons, nightstalker 3
a: Renounce Religion, Recall Ancestor, Ancestor Identity


You were in the Dungeon.
You worshipped Hepliaklqana.
Hepliaklqana was aware of your devotion.
You visited 1 branch

Inventory:

Hand Weapons
 a - a +0 shortbow (weapon)
Armour
 b - a +3 scale mail (worn)
Scrolls
 c - a scroll of immolation
 i - a scroll of blinking
 k - 5 scrolls of amnesia
Potions
 d - 6 potions of curing
 f - a potion of haste
 g - 4 potions of magic
 h - 3 potions of berserk rage


   Skills:
 + Level 9.8 Fighting
 + Level 13.4 Ranged Weapons
 - Level 0.1 Armour
 - Level 3.2 Dodging
 - Level 1.4 Stealth


You had 5 spell levels left.
You didn't know any spells.
Your spell library was empty.

Dungeon Overview and Level Annotations

Branches:
Dungeon (1/1)

Altars:
Ashenzari
Cheibriados
Dithmenos
Elyvilon
Fedhas
Gozag
Hepliaklqana
Kikubaaqudgha
Makhleb
Nemelex Xobeh
Okawaru
Qazlal
Ru
Sif Muna
Trog
Uskayaw
Vehumet
Wu Jian
Xom
Yredelemnul
Zin
The Shining One
Jiyva
Lugonu


Innate Abilities, Weirdness & Mutations

Your life essence is reduced to manifest your ancestor. (-10% HP)
You are small and have problems with some larger weapons.
You are completely attuned to the shadows.


Message History

You shoot an arrow. The hellwing gives a chilling moan.
The arrow hits the hellwing but does no damage.
The hellwing is severely wounded.
Fire: a) +0 shortbow
Press: ? - help, Q - select action, (/) - cycle Shift-Dir - straight line, f/p - hellwing
Aim: a hellwing (severely wounded, 71% to hit)
You shoot an arrow. The arrow closely misses the hellwing.
Fire: a) +0 shortbow
Press: ? - help, Q - select action, (/) - cycle Shift-Dir - straight line, f/p - hellwing
Aim: a hellwing (severely wounded, 71% to hit)
You shoot an arrow.
The arrow hits the hellwing but does no damage.
The hellwing is severely wounded.
PLAYER A emerges from the mists of memory!
The hellwing hits PLAYER A! x2
The hellwing swoops through the air toward you!
The hellwing hits you!
* * * LOW HITPOINT WARNING * * *
The hellwing closely misses you.
You swap places.
The hellwing hits PLAYER A!
PLAYER A is destroyed!
There is an open door here.
You see here a jackal skeleton.
You shoot an arrow. The arrow closely misses the hellwing.
The hellwing barely misses you.
The hellwing hits you but does no damage.
You shoot an arrow. The arrow hits the hellwing.
The hellwing is severely wounded.
The hellwing completely misses you.
The hellwing hits you but does no damage.
You shoot an arrow.
The arrow completely misses the hellwing.
The hellwing barely misses you. The hellwing hits you.
* * * LOW HITPOINT WARNING * * *
You shoot an arrow.
The arrow hits the hellwing but does no damage.
The hellwing is severely wounded.
The hellwing hits you.
You die...

#_________.#
#_________.#
#_______...###########++
##########'##...........
#.?(.')))'.##......#..#.
##########)##...........
#...........'...........
#'#####4#####......#..#.
#.#[[#.@...##...........
#.#))#####÷#####'#####++
#.#))#.....##.......#
#.#))#...†.##.......#
#.#..###†####.......#
#.##'#.....##...<...#
#.#........##.......#
#.#........##.......#
#'###########.......#


You could see a hellwing.

Vanquished Creatures
  A black bear (D)
  A scorpion (D)
  A quasit (D)
  A hound (D)
  A gnoll (D)
  2 adders (D)
  An orc (D)
  2 bats (D)
  A bat skeleton (D)
  6 jackals (D)
  A kobold (D)
  A rat (D)
19 creatures vanquished.

Vanquished Creatures (collateral kills)
  A bullfrog (D)
1 creature vanquished.

Vanquished Creatures (others)
  2 ancestors (D)
2 creatures vanquished.

Grand Total: 22 creatures vanquished

Notes
Turn   | Place    | Note
-------+----------+-------------------------------------------
     0 | D        | PLAYERX the Kobold Hunter began the quest for the Orb.
     0 | D        | Reached XP level 1. HP: 12/12 MP: 1/1
    34 | D        | Reached skill level 6 in Ranged Weapons
    59 | D        | Found a bloodstained altar of Trog.
    59 | D        | Found a shimmering blue altar of Sif Muna.
    59 | D        | Found a viscous altar of Jiyva.
    59 | D        | Found a hazy altar of Hepliaklqana.
    59 | D        | Found an opulent altar of Gozag.
    60 | D        | Found a glowing golden altar of the Shining One.
    60 | D        | Found a glowing silver altar of Zin.
    60 | D        | Found a sacrificial altar of Ru.
    60 | D        | Found a stormy altar of Qazlal.
    60 | D        | Found a blossoming altar of Fedhas.
    62 | D        | Found a basalt altar of Yredelemnul.
    62 | D        | Found an iron altar of Okawaru.
    62 | D        | Found a white marble altar of Elyvilon.
    63 | D        | Found a shimmering altar of Xom.
    63 | D        | Found a sparkling altar of Nemelex Xobeh.
    63 | D        | Found a shadowy altar of Dithmenos.
    64 | D        | Found an ornate altar of the Wu Jian Council.
    64 | D        | Found a burning altar of Makhleb.
    64 | D        | Found a snail-covered altar of Cheibriados.
    65 | D        | Found a radiant altar of Vehumet.
    65 | D        | Found a corrupted altar of Lugonu.
    66 | D        | Found a hide-covered altar of Uskayaw.
    66 | D        | Found an ancient bone altar of Kikubaaqudgha.
    66 | D        | Found a broken altar of Ashenzari.
    74 | D        | Became a worshipper of Hepliaklqana the Forgotten
   159 | D        | Reached skill level 7 in Ranged Weapons
   159 | D        | Reached XP level 2. HP: 16/18 MP: 2/2
   178 | D        | Reached skill level 8 in Ranged Weapons
   178 | D        | Reached XP level 3. HP: 17/24 MP: 3/3
   209 | D        | Noticed a scorpion
   215 | D        | Killed a scorpion
   216 | D        | Reached skill level 5 in Fighting
   216 | D        | Reached skill level 10 in Ranged Weapons
   216 | D        | Reached XP level 4. HP: 29/32 MP: 4/4
   298 | D        | Reached * piety under Hepliaklqana
   319 | D        | Reached XP level 5. HP: 32/32 MP: 5/5
   321 | D        | Noticed a black bear
   349 | D        | Killed a black bear
   350 | D        | Reached skill level 12 in Ranged Weapons
   350 | D        | Reached XP level 6. HP: 22/40 MP: 4/6
   445 | D        | Reached skill level 13 in Ranged Weapons
   456 | D        | Noticed a hellwing
   528 | D        | Slain by a hellwing

Illustrated notes

Levels and vault maps discovered:
D:        pitsprint [storerooms_1, entrance_room_1, metal_vault_1, armoury_2,
          mini_pit_1, grid_room_1, main_hall_1, silver_pit, the_coven_3,
          the_vestibule_1, steel_vault_4, golden_pit, hallway_of_sentries,
          crystal_vault_1, iron_vault_1, final_vault]

Skill      XL: |  1  2  3  4  5  6 |
---------------+-------------------+-----
Ranged Weapons | 7 8 10 12 13 | 13.4
Dodging        | 3 |  3.2
Fighting       | 3 5 6 8 9 |  9.8
Armour         | |  0.1
Stealth        | |  1.4

Action                     |  1- 3 |  4- 6 || total
---------------------------+-------+-------++-------
   Fire: Shortbow          |    36 |    51 ||    87
 Invoke: Ancestor Identity |       |     1 ||     1
         Recall Ancestor   |       |     1 ||     1
    Use: Potion            |     2 |     6 ||     8
         Scroll            |       |     1 ||     1
 Armour: Leather armour    |     7 |       ||     7
         Scale mail        |       |    35 ||    35
  Dodge: Dodged            |    28 |    53 ||    81

Table legend: (Time is in decaauts)
 A = Elapsed time spent in this place.
 B = Non-inter-level travel time spent in this place.
 C = Inter-level travel time spent in this place.
 D = Time resting spent in this place.
 E = Time spent auto-exploring this place.
 F = Levels seen in this place.
 G = Mean time per level.
                   A        B        C        D        E       F      G
               +--------+--------+--------+--------+--------+-----+--------+
         Total |    545 |    545 |      0 |    146 |      0 |   1 |  545.0 |
       Dungeon |    545 |    545 |      0 |    146 |      0 |   1 |  545.0 |
               +--------+--------+--------+--------+--------+-----+--------+

Top non-repeatable levels by time:
       D: 545 daAuts
